 Dungeon Crawl Stone Soup version 0.30.0-20-g3615ddf2f0 (webtiles) character file.

Game seed: 12666222021276157367

19691 qw the Cleaver (level 12, -1/77 HPs)
             Began as a Gargoyle Fighter on May 29, 2023.
             Was an Elder of Okawaru.
             Slain by an eight-headed hydra (3 damage)
             ... on level 3 of the Lair of Beasts.
             The game lasted 00:06:34 (12434 turns).

qw the Cleaver (Gargoyle Fighter)                  Turns: 12434, Time: 00:06:34

Health: -1/77      AC: 29    Str: 26    XL:     12   Next: 71%
Magic:  18/18      EV: 11    Int: 14    God:    Okawaru [****..]
Gold:   362        SH: 18    Dex: 14    Spells: 11/11 levels left

rFire   . . .        u - +2 flail (drain)
rCold   . . .        z - +0 tower shield
rNeg    + . .        v - +0 chain mail
rPois   inf          y - +0 helmet
rElec   +            j - +0 cloak
rCorr   +            s - +2 pair of gloves of Free Expression {+Inv}
SInv    .            k - +0 pair of boots
Will    .....        (no amulet) Stlth
                     t - ring of resist corrosion
HPRegen 0.32/turn    g - ring of Ynery {Str+3 Dex+6}
MPRegen 0.16/turn

%: no passive effects
@: about to teleport, heroic
A: sickness immunity, AC +8, negative energy resistance 1, electricity
resistance, torment resistance 1, petrification resistance, clever 1
a: Renounce Religion, Evoke Invisibility, Heroism, Finesse


You were on level 3 of the Lair of Beasts.
You worshipped Okawaru.
Okawaru was greatly pleased with you.
You visited 3 branches of the dungeon, and saw 14 of its levels.

You collected 659 gold pieces.
You spent 297 gold pieces at shops.


Innate Abilities, Weirdness & Mutations

You are immune to sickness and miasma.
Your stone body is resilient. (AC +8)
You are immune to poison.
You resist negative energy. (rN+)
You are resistant to electric shocks. (rElec)
You are resistant to unholy torment.
You are immune to petrification.
Your mind is acute. (Int +4, Str/Dex -1)


   Skills:
 - Level 10.0(15.0) Fighting
 - Level 12.3(17.3) Axes
 - Level 1.3(6.3) Throwing
 - Level 7.2(12.2) Armour
 - Level 3.1(8.1) Dodging
 + Level 9.2(14.2) Shields
 + Level 9.2 Invocations


You had 11 spell levels left.
You didn't know any spells.
Your spell library was empty.

Inventory:

Hand Weapons
 u - a +2 flail of draining (weapon)
 Y - a +0 broad axe of draining
Missiles
 x - 10 boomerangs (quivered)
Armour
 b - the +1 cloak "Giuxialo" {Harm}
   (You acquired it on level 5 of the Dungeon)

   Harm:      It increases damage dealt and taken.
 j - a +0 cloak (worn)
 k - a +0 pair of boots (worn)
 p - +0 acid dragon scales
 s - the +2 pair of gloves of Free Expression (worn) {+Inv}
   (You found it on level 5 of the Dungeon)

   +Inv:      It lets you turn invisible.
 v - a +0 chain mail (worn)
 y - a +0 helmet (worn)
 z - a +0 tower shield (worn)
Jewellery
 g - the ring of Ynery (right hand) {Str+3 Dex+6}
   (You found it on level 7 of the Dungeon)

   [ring of dexterity]

   Str:       It affects your strength (+3).
   Dex:       It affects your dexterity (+6).
 t - a ring of resist corrosion (left hand)
Wands
 q - a wand of digging (7)
Scrolls
 f - a scroll of teleportation
 h - 9 scrolls of identify
Potions
 a - a potion of resistance
 c - a potion of magic
 d - a potion of might
 e - 4 potions of curing
 i - 3 potions of lignification
 m - 2 potions of attraction
 o - 2 potions of haste
 r - a potion of mutation

Dungeon Overview and Level Annotations

Branches:
Dungeon (9/15)             Temple (1/1) D:4            Lair (4/5) D:9
 Shoals (0/4) Lair:2       Spider (0/4) Lair:3
  Slime: Lair:4-5       Orc: D:9-12

Altars:
Ashenzari
Cheibriados
Dithmenos
Elyvilon
Fedhas
Gozag
Hepliaklqana
Kikubaaqudgha
Makhleb
Nemelex Xobeh
Okawaru
Qazlal
Ru
Sif Muna
Trog
Uskayaw
Vehumet
Wu Jian
Xom
Yredelemnul
Zin
The Shining One

Shops:
D:3 (   D:4 ?   D:6 [   D:8 (

Annotations:
D:3 2 runed translucent doors, qw's ghost, amateur GrFi
D:6 2 runed translucent doors, Crazy Yiuf; qw's ghost, novice GrFi
D:9 1 runed translucent door
Lair:3 1 runed translucent door, Nessos


Message History

You slice the killer bee!!
You kill the killer bee!
Okawaru accepts your kill. You block the killer bee's attack.
The meliai calls down the wrath of its god upon something.
Something smites you!
You slash the killer bee!
The killer bee is severely wounded.
You block the killer bee's attack.
You hit the killer bee.
The killer bee is severely wounded.
You closely miss the killer bee. The killer bee closely misses you.
The meliai calls upon its god to heal the killer bee.
The killer bee is healed somewhat.
The killer bee stings you but does no damage.
You block the killer bee's attack. x2
The meliai calls upon its god to heal the killer bee.
The killer bee's wounds heal themselves!
You closely miss the killer bee. You slash the killer bee!
You drain the killer bee.
You kill the killer bee!
Okawaru accepts your kill.
Your surroundings suddenly seem different.
Found a leather armour.
The eight-headed hydra roars!
Enter note:
12432 ||| READING 2 scrolls of teleportation.
As you read the scroll of teleportation, it crumbles to dust.
You feel strangely unstable.
12433 ||| SWAPPING to +2 flail of draining.
You sense an unholy aura.
u - a +2 flail of draining (weapon)
You thump the eight-headed hydra!
The eight-headed hydra is moderately wounded.
You block the eight-headed hydra's attack.
The eight-headed hydra bites you.
You block the eight-headed hydra's attack.
The eight-headed hydra bites you.
You die...

#..#.## ......#
.....# .....#
.....# ##
##.....##
.#.#.P#P......#
.......@......#
.......D.....##
#......##..#.#
#..........#.#
[............#
#..........#.#
##
...........#.#
.#
......#......###
.##
.........#)..#


You could see an eight-headed hydra.

Vanquished Creatures
  Rupert (Lair:3)
  A hydra (Lair:3)
  A two-headed ogre (D:9)
  Erica (Lair:2)
  Pikel (D:6)
  A black mamba (Lair:3)
  3 elephants (Lair:1)
  3 cane toads
  A torpor snail (Lair:3)
  3 komodo dragons
  Maggie (Lair:2)
  2 rime drakes
  A queen bee (D:9)
  4 blink frogs (Lair:2)
  A snapping turtle (Lair:2)
  2 slime creatures
  Sigmund (D:4)
  A wraith (D:6)
  2 wyverns (D:9)
  11 yaks
  A steam dragon (D:8)
  5 basilisks
  Menkaure (D:4)
  An acid dragon (D:9)
  Edmund (D:6)
  5 water moccasins
  4 ice beasts
  3 black bears
  2 orc warriors
  2 ogres
  4 centaurs
  33 wolves (Lair:1)
  A phantom (D:4)
  3 lemures (D:6)
  2 kobold brigands
  6 bullfrogs
  A scorpion (D:4)
  5 wights (D:8)
  21 killer bees
  A howler monkey (D:9)
  An electric eel (Lair:2)
  2 jellies (D:6)
  A gnoll bouda (D:7)
  7 orc priests
  A hound (D:4)
  Jessica (D:3)
  8 orc wizards
  Ijyb (D:4)
  7 gnolls
  12 adders
  A river rat (D:6)
  2 shadow imps
  A white imp (D:6)
  An ufetubus (D:7)
  3 worms
  2 dart slugs
  30 orcs
  25 endoplasms
  8 giant cockroaches
  5 hobgoblins
  9 jackals (D:1)
  6 ball pythons
  6 bats
  A frilled lizard (D:1)
  8 goblins
  20 kobolds
  7 rats
320 creatures vanquished.

Notes
Turn   | Place    | Note
-------+----------+-------------------------------------------
     0 | D:1      | qw the Gargoyle Fighter began the quest for the Orb.
     0 | D:1      | Reached XP level 1. HP: 14/14 MP: 1/1
     0 | D:1      | 0 ||| qw: Version: 0.2-a-102-g2b76a06
     0 | D:1      | 0 ||| qw: Game counter: 385
     0 | D:1      | 0 ||| qw: Always use a shield: true
     0 | D:1      | 0 ||| qw: God list: Okawaru
     0 | D:1      | 0 ||| qw: Allow faded altars: false
     0 | D:1      | 0 ||| qw: Do Orc after D:15 true
     0 | D:1      | 0 ||| qw: Do second Lair branch before Depths: true
     0 | D:1      | 0 ||| qw: Lair rune preference: random
     0 | D:1      | 0 ||| qw: Plans: Normal, Zot:1-4, Slime:5, God:TSO, Crypt,
                  | Tomb, Pan, Hells, Abyss, Win
     0 | D:1      | 0 ||| PLANNING D:1-11
    64 | D:1      | Reached skill level 2 in Axes
   115 | D:1      | Reached XP level 2. HP: 19/19 MP: 2/2
   309 | D:1      | Reached skill level 3 in Axes
   315 | D:1      | Reached XP level 3. HP: 21/23 MP: 3/3
   427 | D:1      | 427 ||| Stepping ~*~*~tactically~*~*~ (stealth).
   428 | D:1      | 428 ||| Stepping ~*~*~tactically~*~*~ (stealth).
   729 | D:1      | 729 ||| DRINKING 3 sedimented clear potions.
   793 | D:2      | 793 ||| Stepping ~*~*~tactically~*~*~ (stealth).
   895 | D:2      | Found a glowing silver altar of Zin.
   979 | D:2      | Reached XP level 4. HP: 28/28 MP: 4/4
  1020 | D:2      | Reached skill level 4 in Axes
  1078 | D:2      | 1078 ||| Stepping ~*~*~tactically~*~*~ (hiding).
  1562 | D:2      | 1562 ||| UPGRADING to +0 pair of boots.
  1567 | D:2      | 1567 ||| UPGRADING to +0 pair of gloves.
  1572 | D:2      | 1572 ||| READING scroll labelled UNUSHUXZAGH.
  1573 | D:2      | 1573 ||| READING 2 scrolls labelled VYPOCA UGEMN.
  1574 | D:2      | 1574 ||| DROPPING scroll of blinking.
  1705 | D:3      | Noticed Jessica
  1707 | D:3      | Killed Jessica
  1708 | D:3      | Reached XP level 5. HP: 32/32 MP: 5/5
  1879 | D:3      | Found Tioraom's Antique Weapon Shop.
  1886 | D:3      | 1886 ||| BUYING flail (80 gold).
  1886 | D:3      | Bought a flail for 80 gold pieces
  1886 | D:3      | 1886 ||| SHOPLISTING runed whip (126 gold, have 89).
  1886 | D:3      | 1886 ||| DROPPING +0 club.
  2165 | D:3      | 2165 ||| Stepping ~*~*~tactically~*~*~ (hiding).
  2171 | D:3      | Reached skill level 5 in Axes
  2402 | D:3      | Found a large runed translucent door.
  2402 | D:3      | Found a large runed translucent door.
  2407 | D:3      | Noticed qw's ghost (amateur GrFi)
  2465 | D:3      | Found a faded altar of an unknown god.
  2510 | D:3      | 2510 ||| UPGRADING to +4 ring mail.
  2520 | D:3      | 2520 ||| DROPPING +0 scale mail.
  2521 | D:3      | 2521 ||| READING scroll labelled TOTUR AVOG.
  2522 | D:3      | 2522 ||| READING 3 scrolls of identify.
  2522 | D:3      | 2522 ||| IDENTIFYING bubbling silvery potion
  2523 | D:3      | 2523 ||| READING 2 scrolls of identify.
  2523 | D:3      | 2523 ||| IDENTIFYING fizzy pink potion
  2524 | D:3      | 2524 ||| DROPPING potion of ambrosia.
  2612 | D:4      | Reached skill level 1 in Dodging
  2612 | D:4      | Reached XP level 6. HP: 38/38 MP: 6/6
  2612 | D:4      | Noticed Ijyb
  2619 | D:4      | Paralysed by Ijyb for 5 turns
  2637 | D:4      | Paralysed by Ijyb for 3 turns
  2644 | D:4      | Killed Ijyb
  2735 | D:4      | Noticed Sigmund
  2764 | D:4      | HP: 9/38 [something (3)]
  2765 | D:4      | HP: 3/38 [something (6)]
  2770 | D:4      | 2770 ||| DRINKING potion of heal wounds.
  2773 | D:4      | 2773 ||| DRINKING 2 potions of curing.
  2773 | D:4      | 2773 ||| (to cure confusion)
  2776 | D:4      | 2776 ||| FLEEEEING.
  2777 | D:4      | 2777 ||| FLEEEEING.
  2778 | D:4      | 2778 ||| FLEEEEING.
  2779 | D:4      | 2779 ||| FLEEEEING.
  2793 | D:4      | Killed Sigmund
  2794 | D:4      | Reached skill level 6 in Axes
  2904 | D:4      | Noticed a water moccasin
  2906 | D:4      | Reached XP level 7. HP: 43/43 MP: 7/7
  2907 | D:4      | Noticed Menkaure
  2928 | D:4      | Killed Menkaure
  2929 | D:4      | Reached skill level 7 in Axes
  2957 | D:4      | 2957 ||| FLEEEEING.
  2960 | D:4      | 2960 ||| FLEEEEING.
  2961 | D:4      | 2961 ||| STAIRDANCE
  3183 | D:4      | 3183 ||| Stepping ~*~*~tactically~*~*~ (stealth).
  3187 | D:4      | Found a staircase to the Ecumenical Temple.
  3188 | D:4      | 3188 ||| PLANNING TEMPLE
  3209 | Temple   | Entered the Ecumenical Temple
  3305 | Temple   | 3305 ||| PLANNING OKAWARU WORSHIP
  3383 | Temple   | 3383 ||| DRINKING 2 cyan potions.
  3384 | Temple   | 3384 ||| DROPPING potion of magic.
  3398 | Temple   | Became a worshipper of Warmaster Okawaru
  3398 | Temple   | 3398 ||| PLANNING D:1-11
  3426 | D:4      | 3426 ||| Stepping ~*~*~tactically~*~*~ (stealth).
  3446 | D:4      | 3446 ||| Stepping ~*~*~tactically~*~*~ (stealth).
  3449 | D:4      | 3449 ||| Stepping ~*~*~tactically~*~*~ (stealth).
  3477 | D:4      | Found Faucej's Magic Scroll Emporium.
  3488 | D:4      | 3488 ||| SHOPLISTING scroll of brand weapon (133 gold, have
                  | 132).
  3488 | D:4      | 3488 ||| BUYING scroll of identify (28 gold).
  3488 | D:4      | Bought a scroll of identify for 28 gold pieces
  3488 | D:4      | 3488 ||| BUYING scroll of identify (28 gold).
  3488 | D:4      | Bought a scroll of identify for 28 gold pieces
  3488 | D:4      | 3488 ||| BUYING scroll of teleportation (42 gold).
  3488 | D:4      | Bought a scroll of teleportation for 42 gold pieces
  3545 | D:4      | You fall into a shaft and drop 1 floor!
  3545 | D:5      | Entered Level 5 of the Dungeon
  3555 | D:5      | 3555 ||| READING scroll labelled RYQOQU VAROKK.
  3555 | D:5      | Identified a scroll of acquirement
  3555 | D:5      | 3555 ||| ACQUIRING +1 cloak "Giuxialo" {Harm}
  3555 | D:5      | Acquired the +1 cloak "Giuxialo" {Harm}
  3557 | D:5      | 3557 ||| READING scroll labelled FAFAUD DULOWN.
  3558 | D:5      | 3558 ||| READING 3 scrolls of identify.
  3558 | D:5      | 3558 ||| IDENTIFYING bubbling coppery potion
  3559 | D:5      | 3559 ||| READING 2 scrolls of identify.
  3559 | D:5      | 3559 ||| IDENTIFYING clear potion
  3560 | D:5      | 3560 ||| DROPPING potion of brilliance.
  3623 | D:4      | 3623 ||| Stepping ~*~*~tactically~*~*~ (hiding).
  3639 | D:4      | Reached XP level 8. HP: 18/49 MP: 8/8
  4089 | D:5      | Found a sacrificial altar of Ru.
  4159 | D:5      | 4159 ||| FLEEEEING.
  4160 | D:5      | 4160 ||| FLEEEEING.
  4161 | D:5      | 4161 ||| FLEEEEING.
  4162 | D:5      | 4162 ||| FLEEEEING.
  4179 | D:5      | 4179 ||| FLEEEEING.
  4180 | D:5      | 4180 ||| FLEEEEING.
  4181 | D:5      | 4181 ||| FLEEEEING.
  4182 | D:5      | 4182 ||| FLEEEEING.
  4183 | D:5      | 4183 ||| FLEEEEING.
  4184 | D:5      | 4184 ||| FLEEEEING.
  4186 | D:5      | 4186 ||| FLEEEEING.
  4187 | D:5      | 4187 ||| STAIRDANCE
  4217 | D:5      | 4217 ||| Stepping ~*~*~tactically~*~*~ (hiding).
  4306 | D:5      | Reached skill level 8 in Axes
  4362 | D:5      | Found a shadowy altar of Dithmenos.
  4553 | D:5      | 4553 ||| Stepping ~*~*~tactically~*~*~ (stealth).
  4563 | D:5      | Reached skill level 6 in Fighting
  4574 | D:5      | Reached * piety under Okawaru
  4737 | D:5      | Identified the +2 pair of gloves of Free Expression {+Inv}
  4754 | D:5      | 4754 ||| UPGRADING to +2 pair of gloves of Free Expression
                  | {+Inv}.
  4764 | D:5      | 4764 ||| DROPPING +0 pair of gloves.
  4765 | D:5      | 4765 ||| READING 2 scrolls labelled BYAROA AMUPYUM.
  4766 | D:5      | 4766 ||| READING scroll of enchant weapon.
  4766 | D:5      | 4766 ||| ENCHANTING +1 war axe.
  4767 | D:5      | 4767 ||| READING scroll labelled CIGHUKHA VIXAIMEY.
  4898 | D:6      | 4898 ||| PLANNING SEWER
  5054 | D:6      | Reached skill level 1 in Invocations
  5188 | D:6      | Found Yppod's Armour Shoppe.
  5197 | D:6      | 5197 ||| BUYING +0 buckler of reflection (119 gold).
  5197 | D:6      | Bought a +0 buckler of reflection for 119 gold pieces
  5197 | D:6      | 5197 ||| SHOPLISTING +0 plate armour (322 gold, have 13).
  5197 | D:6      | 5197 ||| SHOPLISTING +2 fire dragon scales (1008 gold, have
                  | 13).
  5240 | D:6      | Noticed Pikel
  5241 | D:6      | 5241 ||| INVOKING Heroism.
  5279 | D:6      | Killed Pikel
  5279 | D:6      | Reached ** piety under Okawaru
  5280 | D:6      | Reached skill level 9 in Axes
  5280 | D:6      | Reached XP level 9. HP: 26/55 MP: 10/10
  5492 | D:6      | Found a runed translucent door.
  5493 | D:6      | Noticed Crazy Yiuf
  5534 | D:6      | Found a runed translucent door.
  5534 | D:6      | Noticed qw's ghost (novice GrFi)
  5576 | D:6      | 5576 ||| INVOKING Heroism.
  5596 | D:6      | 5596 ||| INVOKING Heroism.
  5619 | D:6      | 5619 ||| INVOKING Heroism.
  5676 | D:6      | 5676 ||| RIP SEWER
  5698 | D:6      | 5698 ||| PLANNING D:1-11
  5772 | D:6      | Reached skill level 3 in Invocations
  5775 | D:6      | 5775 ||| Stepping ~*~*~tactically~*~*~ (stealth).
  5776 | D:6      | 5776 ||| Stepping ~*~*~tactically~*~*~ (stealth).
  5777 | D:6      | 5777 ||| Stepping ~*~*~tactically~*~*~ (stealth).
  5786 | D:6      | 5786 ||| Stepping ~*~*~tactically~*~*~ (stealth).
  5852 | D:6      | Noticed Edmund
  5853 | D:6      | 5853 ||| INVOKING Heroism.
  5862 | D:6      | Killed Edmund
  5900 | D:6      | 5900 ||| DROPPING +0 flail.
  6016 | D:6      | 6016 ||| Stepping ~*~*~tactically~*~*~ (water).
  6135 | D:6      | 6135 ||| UPGRADING to +0 buckler of reflection.
  6145 | D:6      | 6145 ||| DROPPING +0 buckler.
  6146 | D:6      | 6146 ||| UPGRADING to +0 chain mail.
  6156 | D:6      | 6156 ||| DROPPING +4 ring mail.
  6157 | D:6      | 6157 ||| UPGRADING to ring of resist corrosion.
  6158 | D:6      | 6158 ||| DRINKING 2 fizzy puce potions.
  6159 | D:6      | 6159 ||| DRINKING 2 fuming green potions.
  6159 | D:6      | Gained mutation: Your mind is acute. (Int +4, Str/Dex -1)
                  | [potion of mutation]
  6160 | D:6      | 6160 ||| READING 3 scrolls of identify.
  6160 | D:6      | 6160 ||| IDENTIFYING murky sapphire potion
  6161 | D:6      | 6161 ||| DROPPING potion of degeneration.
  6234 | D:7      | 6234 ||| INVOKING Heroism.
  6401 | D:7      | Identified the ring of Ynery {Str+3 Dex+6}
  6452 | D:7      | 6452 ||| INVOKING Heroism.
  6611 | D:7      | 6611 ||| INVOKING Heroism.
  6975 | D:7      | 6975 ||| UPGRADING to ring of Ynery {Str+3 Dex+6}.
  6976 | D:7      | 6976 ||| READING scroll labelled CAEBOCENTA.
  6991 | D:8      | 6991 ||| Stepping ~*~*~tactically~*~*~ (hiding).
  7006 | D:8      | 7006 ||| INVOKING Heroism.
  7080 | D:8      | 7080 ||| INVOKING Heroism.
  7151 | D:8      | Noticed a +0 dagger
  7151 | D:8      | Noticed a +0 dagger
  7152 | D:8      | Found a hide-covered altar of Uskayaw.
  7155 | D:8      | 7155 ||| UPGRADING to +0 cloak.
  7172 | D:8      | 7172 ||| INVOKING Heroism.
  7177 | D:8      | Reached skill level 10 in Axes
  7177 | D:8      | Reached XP level 10. HP: 60/63 MP: 10/13
  7336 | D:8      | 7336 ||| Stepping ~*~*~tactically~*~*~ (hiding).
  7449 | D:8      | Found a snail-covered altar of Cheibriados.
  7452 | D:8      | Found a sparkling altar of Nemelex Xobeh.
  7452 | D:8      | Found a blossoming altar of Fedhas.
  7505 | D:8      | Found Apotist's Weapon Shoppe.
  7523 | D:8      | 7523 ||| INVOKING Heroism.
  7528 | D:8      | Reached skill level 6 in Armour
  7719 | D:8      | 7719 ||| Stepping ~*~*~tactically~*~*~ (hiding).
  7725 | D:8      | 7725 ||| Stepping ~*~*~tactically~*~*~ (hiding).
  7753 | D:8      | Found a radiant altar of Vehumet.
  7753 | D:8      | Found a stormy altar of Qazlal.
  8006 | D:8      | 8006 ||| READING scroll labelled REELOMU QIMPEIW.
  8007 | D:8      | 8007 ||| READING scroll labelled HAAMYD WAMUEH.
  8056 | D:9      | 8056 ||| Stepping ~*~*~tactically~*~*~ (hiding).
  8065 | D:9      | 8065 ||| Stepping ~*~*~tactically~*~*~ (hiding).
  8066 | D:9      | 8066 ||| Stepping ~*~*~tactically~*~*~ (hiding).
  8073 | D:9      | 8073 ||| Stepping ~*~*~tactically~*~*~ (hiding).
  8074 | D:9      | 8074 ||| Stepping ~*~*~tactically~*~*~ (hiding).
  8083 | D:9      | 8083 ||| FLEEEEING.
  8084 | D:9      | 8084 ||| FLEEEEING.
  8085 | D:9      | 8085 ||| FLEEEEING.
  8086 | D:9      | 8086 ||| FLEEEEING.
  8087 | D:9      | 8087 ||| FLEEEEING.
  8088 | D:9      | 8088 ||| FLEEEEING.
  8089 | D:9      | 8089 ||| FLEEEEING.
  8090 | D:9      | 8090 ||| FLEEEEING.
  8097 | D:9      | 8097 ||| INVOKING Heroism.
  8261 | D:9      | 8261 ||| READING scroll labelled BOLUUD MITYQ.
  8381 | D:9      | 8381 ||| Stepping ~*~*~tactically~*~*~ (stealth).
  8454 | D:9      | Found an ornate altar of the Wu Jian Council.
  8461 | D:9      | Noticed a two-headed ogre
  8462 | D:9      | 8462 ||| INVOKING Heroism.
  8467 | D:9      | Reached skill level 1 in Throwing
  8473 | D:9      | Killed a two-headed ogre
  8474 | D:9      | Reached skill level 6 in Shields
  8553 | D:9      | 8553 ||| INVOKING Heroism.
  8673 | D:9      | Found an ancient bone altar of Kikubaaqudgha.
  8738 | D:9      | 8738 ||| Stepping ~*~*~tactically~*~*~ (hiding).
  8741 | D:9      | 8741 ||| Stepping ~*~*~tactically~*~*~ (hiding).
  8885 | D:9      | 8885 ||| Stepping ~*~*~tactically~*~*~ (hiding).
  8887 | D:9      | 8887 ||| Stepping ~*~*~tactically~*~*~ (hiding).
  8888 | D:9      | 8888 ||| Stepping ~*~*~tactically~*~*~ (hiding).
  9028 | D:9      | Found a runed translucent door.
  9029 | D:9      | 9029 ||| SWAPPING to +0 broad axe.
  9094 | D:9      | 9094 ||| DROPPING +2 war axe.
  9146 | D:9      | 9146 ||| INVOKING Heroism.
  9151 | D:9      | Reached skill level 11 in Axes
  9163 | D:9      | Reached *** piety under Okawaru
  9163 | D:9      | Received a gift from Okawaru
  9178 | D:9      | Reached XP level 11. HP: 33/69 MP: 14/14
  9183 | D:9      | 9183 ||| INVOKING Heroism.
  9198 | D:9      | 9198 ||| Stepping ~*~*~tactically~*~*~ (stealth).
  9330 | D:9      | 9330 ||| INVOKING Heroism.
  9336 | D:9      | Reached skill level 9 in Fighting
  9499 | D:9      | Found a glowing silver altar of Zin.
  9522 | D:9      | Found a staircase to the Lair.
  9735 | D:9      | Noticed a boulder beetle
  9738 | D:9      | 9738 ||| PLANNING LAIR
  9738 | D:9      | 9738 ||| DROPPING ring of flight.
  9739 | D:9      | 9739 ||| READING scroll labelled LEER IFAIFOC.
  9789 | Lair:1   | Entered Level 1 of the Lair of Beasts
  9867 | Lair:1   | 9867 ||| INVOKING Heroism.
  9877 | Lair:1   | Reached skill level 3 in Dodging
  9894 | Lair:1   | 9894 ||| Stepping ~*~*~tactically~*~*~ (stealth).
  9914 | Lair:1   | 9914 ||| INVOKING Heroism.
  9942 | Lair:1   | Reached **** piety under Okawaru
  9960 | Lair:1   | 9960 ||| Stepping ~*~*~tactically~*~*~ (stealth).
  9969 | Lair:1   | 9969 ||| Stepping ~*~*~tactically~*~*~ (stealth).
  9972 | Lair:1   | 9972 ||| Stepping ~*~*~tactically~*~*~ (stealth).
  9995 | Lair:1   | 9995 ||| Stepping ~*~*~tactically~*~*~ (stealth).
  9996 | Lair:1   | 9996 ||| Stepping ~*~*~tactically~*~*~ (stealth).
  9998 | Lair:1   | 9998 ||| INVOKING Heroism.
 10122 | Lair:1   | 10122 ||| INVOKING Heroism.
 10129 | Lair:1   | Reached skill level 12 in Axes
 10142 | Lair:1   | 10142 ||| Stepping ~*~*~tactically~*~*~ (stealth).
 10149 | Lair:1   | 10149 ||| Stepping ~*~*~tactically~*~*~ (stealth).
 10280 | Lair:1   | 10280 ||| Stepping ~*~*~tactically~*~*~ (stealth).
 10404 | Lair:1   | 10404 ||| INVOKING Heroism.
 10417 | Lair:1   | Reached skill level 6 in Invocations
 10668 | Lair:1   | Reached XP level 12. HP: 69/77 MP: 16/16
 10875 | Lair:1   | Reached ***** piety under Okawaru
 10957 | Lair:1   | 10957 ||| UPGRADING to +0 tower shield.
 10967 | Lair:1   | 10967 ||| DROPPING +0 buckler of reflection.
 10968 | Lair:1   | 10968 ||| READING scroll labelled MANYSOHERPH.
 10969 | Lair:1   | 10969 ||| READING scroll labelled EMOTYS ROIW.
 10970 | Lair:1   | 10970 ||| READING scroll labelled BENGOERISS.
 11025 | Lair:2   | 11025 ||| INVOKING Heroism.
 11047 | Lair:2   | 11047 ||| INVOKING Heroism.
 11079 | Lair:2   | Found a staircase to the Shoals.
 11122 | Lair:2   | Identified the +0 spear of the Trees {protect, Stlth+}
 11157 | Lair:2   | 11157 ||| INVOKING Heroism.
 11277 | Lair:2   | Noticed Erica
 11278 | Lair:2   | 11278 ||| INVOKING Heroism.
 11283 | Lair:2   | 11283 ||| DRINKING 6 potions of curing.
 11283 | Lair:2   | 11283 ||| (to cure confusion)
 11295 | Lair:2   | Killed Erica
 11720 | Lair:2   | Noticed Maggie
 11721 | Lair:2   | 11721 ||| Stepping ~*~*~tactically~*~*~ (hiding).
 11729 | Lair:2   | Killed Maggie
 11729 | Lair:2   | Received a gift from Okawaru
 11896 | Lair:2   | You fall into a shaft and drop 2 floors!
 11905 | Lair:4   | 11905 ||| UPGRADING to +0 helmet.
 11910 | Lair:4   | 11910 ||| DROPPING ring of wizardry.
 11919 | Lair:3   | Noticed Nessos
 11920 | Lair:3   | 11920 ||| INVOKING Heroism.
 11922 | Lair:3   | 11922 ||| Stepping ~*~*~tactically~*~*~ (hiding).
 11929 | Lair:3   | 11929 ||| INVOKING Heroism.
 11932 | Lair:3   | Noticed an eight-headed hydra
 11934 | Lair:3   | HP: 19/77 [Nessos/arrow (16)]
 11935 | Lair:3   | 11935 ||| READING 5 scrolls of teleportation.
 11935 | Lair:3   | HP: 4/77 [Nessos/arrow (14)]
 11935 | Lair:3   | HP: 1/77 [Nessos/arrow (3)]
 11936 | Lair:3   | 11936 ||| DRINKING 2 potions of heal wounds.
 11937 | Lair:3   | 11937 ||| DRINKING potion of heal wounds.
 11938 | Lair:3   | 11938 ||| SWAPPING to +2 flail of draining.
 11940 | Lair:3   | Noticed a four-headed hydra
 11941 | Lair:3   | 11941 ||| SWAPPING to +0 broad axe of draining.
 11942 | Lair:3   | 11942 ||| SWAPPING to +2 flail of draining.
 11951 | Lair:3   | Killed a four-headed hydra
 11952 | Lair:3   | 11952 ||| SWAPPING to +0 broad axe of draining.
 12301 | Lair:3   | Noticed Rupert
 12302 | Lair:3   | 12302 ||| INVOKING Heroism.
 12306 | Lair:3   | 12306 ||| DRINKING 5 potions of curing.
 12306 | Lair:3   | 12306 ||| (to cure confusion)
 12307 | Lair:3   | Paralysed by Rupert for 3 turns
 12322 | Lair:3   | Killed Rupert
 12323 | Lair:3   | Reached skill level 9 in Shields
 12323 | Lair:3   | Reached skill level 9 in Invocations
 12359 | Lair:3   | 12359 ||| Stepping ~*~*~tactically~*~*~ (stealth).
 12361 | Lair:3   | 12361 ||| Stepping ~*~*~tactically~*~*~ (stealth).
 12362 | Lair:3   | 12362 ||| Stepping ~*~*~tactically~*~*~ (stealth).
 12363 | Lair:3   | 12363 ||| Stepping ~*~*~tactically~*~*~ (stealth).
 12364 | Lair:3   | 12364 ||| Stepping ~*~*~tactically~*~*~ (stealth).
 12367 | Lair:3   | 12367 ||| Stepping ~*~*~tactically~*~*~ (stealth).
 12370 | Lair:3   | 12370 ||| INVOKING Heroism.
 12374 | Lair:3   | 12374 ||| SWAPPING to +2 flail of draining.
 12384 | Lair:3   | HP: 19/77 [eight-headed hydra (3)]
 12385 | Lair:3   | 12385 ||| READING 5 scrolls of teleportation.
 12388 | Lair:3   | HP: 7/77 [eight-headed hydra (8)]
 12390 | Lair:3   | 12390 ||| SWAPPING to +0 broad axe of draining.
 12420 | Lair:3   | 12420 ||| INVOKING Heroism.
 12423 | Lair:3   | 12423 ||| READING 4 scrolls of teleportation.
 12426 | Lair:3   | Found a hole to the Spider Nest.
 12426 | Lair:3   | Found a runed translucent door.
 12427 | Lair:3   | 12427 ||| READING 3 scrolls of teleportation.
 12428 | Lair:3   | HP: 6/77 [meliai/divine providence (13)]
 12432 | Lair:3   | 12432 ||| READING 2 scrolls of teleportation.
 12433 | Lair:3   | 12433 ||| SWAPPING to +2 flail of draining.
 12434 | Lair:3   | HP: 2/77 [eight-headed hydra (6)]
 12434 | Lair:3   | Slain by an eight-headed hydra

Levels and vault maps discovered:
D:1:      scummos_arrival_gate, layout_loops_ring
D:2:      layout_basic, basic_altar
D:3:      layout_loops_ring, serial_shops, nicolae_shop_rolling_square,
          ebering_ghost_disaster_area, chequers_ecumenical_altar_lobes,
          grunt_ministairs_10, uniq_jessica
D:4:      layout_rooms, minmay_temple_entry_sparse_star, serial_shops, shop,
          hangedman_decor_points, st_stairs_14, uniq_ijyb, uniq_sigmund,
          uniq_menkaure
D:5:      layout_basic, grunt_dithmenos_smoke, mainiacjoe_overflow_tiny_flanked,
          serial_corexii_hall, corexii_hall_statues_i, corexii_hall_statues_i,
          minmay_misc_feat_chi
D:6:      lemuel_slime, layout_cave_pods, gup_sewer_entry_spiral,
          ebering_ghost_reflecting_pool, minivault_26,
          nicolae_concentric_dashed_squares_wild, minmay_tree_intersection,
          nicolae_stop_n_shop_1, uniq_crazy_yiuf_cottage, uniq_pikel,
          uniq_edmund
D:7:      layout_rooms, serial_aquarium, aquarium_bridge_square
          [aquarium_subvault_bridge, aquarium_subvault_bridge,
          aquarium_subvault_wall, aquarium_subvault_balcony],
          aquarium_bridge_straight [aquarium_subvault_bridge,
          aquarium_subvault_wall, aquarium_subvault_bridge,
          aquarium_subvault_window], aquarium_window_fake, aquarium_window_2,
          aquarium_window_1, aquarium_view_2a, aquarium_view_2d,
          aquarium_pool_five
D:8:      layout_loops_ring, dancing_weapons_uskayaw,
          nicolae_overflow_hidden_temple, gammafunk_temple_overflow_pools,
          serial_shops, shop, nicolae_nh_ransacked_shop
D:9:      layout_long_grid, lemuel_crystal_altar, mainiacjoe_overflow_big_doors,
          david_lair_generic, special_room [special_room_bee],
          minmay_misc_feat_x, minivault_13
Temple:   grunt_temple_mini_profane
Lair:1:   layout_cave_pods, grunt_forest_large_clearings
Lair:2:   layout_gridlike, minmay_shoals_entry_hut,
          eino_small_chamber_without_monster, chequers_serial_rivers_large_a,
          infiniplex_staircase_pool_2, lemuel_fruit_fields,
          serial_bayou_shore_b, lemuel_fruit_fields, uniq_maggie, uniq_erica
Lair:3:   layout_chaotic_city, hellmonk_spider_entry_not_the_bees,
          hellmonk_ghost_happy_afterlife, grunt_megastairs_3, lemuel_fruit_tree,
          uniq_rupert, uniq_nessos
Lair:4:   layout_regular_city, nicolae_slime_entry_slimehenge,
          kennysheep_rathole, grunt_megastairs_4

Skill      XL: |  1  2  3  4  5  6  7  8  9 10 11 12 |
---------------+-------------------------------------+-----
Axes           | 2 3 4 5 6 7 9 10 11 12 | 12.3
Dodging        | 1 2 3 |  3.1
Fighting       | 4 5 6 7 8 10 | 10.0
Invocations    | 1 4 6 9 |  9.2
Shields        | 4 6 9 |  9.2
Armour         | 5 6 7 |  7.2
Throwing       | 1 |  1.3

Action                     |  1- 3 |  4- 6 |  7- 9 | 10-12 || total
---------------------------+-------+-------+-------+-------++-------
  Melee: War axe           |   107 |   154 |   338 |   133 ||   732
         Broad axe         |       |       |       |   387 ||   387
         Flail             |       |       |       |    26 ||    26
  Throw: Boomerang         |       |       |       |    56 ||    56
 Invoke: Heroism           |       |       |    11 |    21 ||    32
    Use: Potion            |     1 |     2 |     3 |     4 ||    10
         Scroll            |       |     5 |     9 |    12 ||    26
 Armour: Scale mail        |    66 |    47 |       |       ||   113
         Ring mail         |       |    45 |   129 |       ||   174
         Chain mail        |       |       |    37 |   366 ||   403
  Dodge: Dodged            |    58 |    49 |   115 |   284 ||   506
  Block: Buckler           |    15 |    24 |    51 |   132 ||   222
         Reflection        |       |       |       |     5 ||     5
         Tower shield      |       |       |       |   143 ||   143

Table legend:
 A = Non-vault XP
 B = Vault XP
 C = Vault XP percentage of total XP
 D = Non-vault monster count
 E = Vault monster count
 F = Vault count percentage of total count
                 A         B        C        D         E       F
            +---------+---------+-------+---------+---------+-------
      Total |   16119 |   12012 |  42.7 |     208 |     109 |  34.4
            +---------+---------+-------+---------+---------+-------
        D:1 |      51 |       0 |   0.0 |      28 |       0 |   0.0
        D:2 |      91 |       0 |   0.0 |      18 |       0 |   0.0
        D:3 |     109 |      40 |  26.8 |      16 |       3 |  15.8
        D:4 |     459 |     509 |  52.6 |      21 |       4 |  16.0
        D:5 |     634 |       0 |   0.0 |      17 |       0 |   0.0
        D:6 |     426 |    1193 |  73.7 |       8 |      32 |  80.0
        D:7 |     534 |       0 |   0.0 |      12 |       0 |   0.0
        D:8 |    1176 |      85 |   6.7 |      22 |       5 |  18.5
        D:9 |    2111 |    2512 |  54.3 |      27 |      25 |  48.1
     Lair:1 |    4919 |    3827 |  43.8 |      20 |      33 |  62.3
     Lair:2 |    2494 |    1467 |  37.0 |      10 |       3 |  23.1
     Lair:3 |    3115 |    2379 |  43.3 |       9 |       4 |  30.8
            +---------+---------+-------+---------+---------+-------
